Map: Ever Dream LE

Players

ilcuoredeiBN

  • Race: Protoss Protoss
  • League: Gold
  • Spawn Location: 7:00

urumikanzaki - Winner!

  • Race: Zerg Zerg
  • League: Silver
  • Spawn Location: 1:00

VOD

Have the link to the VOD?

Description

Time

  • Played on: May 13, 2020, 10:33 p.m.
  • Length: 17:28
Show
View Real Time Build Order
Export as new Build Order

ilcuoredeiBN Protoss 

Build Orders: Archon Immortal 

Get SALT Encoding   

  12  0:01  Probe  
  13  0:13  Probe  
  14  0:19  Pylon  
  14  0:25  Probe  
  15  0:30  Assimilator  
  15  0:38  Probe (Chrono Boost)  
  16  0:45  Gateway  
  17  0:50  Probe (Chrono Boost)  
  17  0:58  Probe (Chrono Boost)  
  17  1:00  Assimilator  
  18  1:04  Probe (Chrono Boost)  
  19  1:16  Probe (Chrono Boost)  
  19  1:17  Pylon  
  20  1:20  Probe (Chrono Boost)  
  21  1:30  Probe  
  22  1:35  Zealot  
  24  1:42  Cybernetics Core, Probe  
  25  1:52  Pylon  
  25  1:55  Probe  
  26  2:02  Zealot  
  26  2:07  Probe (Chrono Boost)  
  29  2:18  Probe (Chrono Boost)  
  29  2:20  Stargate  
  30  2:23  Probe (Chrono Boost)  
  30  2:29  Robotics Facility  
  31  2:33  Probe, Zealot  
  34  2:39  Twilight Council  
  34  2:50  Probe  
  33  3:00  Zealot  
  35  3:14  Immortal (Chrono Boost), Pylon  
  39  3:22  Charge  
  39  3:32  Probe, Zealot  
  42  3:35  Pylon  
  42  3:50  Templar Archives  
  42  3:51  Observer  
  43  3:59  Zealot  
  45  4:03  Probe  
  45  4:09  Immortal (Chrono Boost)  
  50  4:19  Pylon  
  50  4:26  Zealot  
  52  4:38  Gateway  
  52  4:41  Immortal  
  52  4:42  Probe  
  57  4:53  Zealot  
  51  5:21  Zealot  
  49  5:25  Immortal  
  49  5:28  Nexus  
  53  5:34  Forge  
  53  5:37  Pylon  
  51  5:48  Zealot  
  51  5:49  Zealot  
  47  5:57  Probe (Chrono Boost)  
  48  6:07  Probe (Chrono Boost)  
  45  6:11  Photon Cannon  
  45  6:12  Probe (Chrono Boost)  
  45  6:13  High Templar (Chrono Boost)  
  45  6:15  Photon Cannon  
  48  6:23  High Templar (Chrono Boost)  
  35  6:45  Zealot  
  33  6:49  Immortal  
  37  6:59  Archon  
  37  7:06  Zealot  
  39  7:12  Zealot  
  40  7:22  Nexus  
  40  7:23  Pylon  
  40  7:29  Immortal  
  44  7:39  Zealot  
  44  7:44  Probe  
  47  7:56  Probe  
  48  7:59  Photon Cannon  
  48  8:03  High Templar  
  50  8:15  High Templar  
  50  8:17  Probe  
  53  8:34  Photon Cannon  
  53  8:42  High Templar  
  53  8:45  Shield Battery  
  55  8:48  High Templar  
  59  9:02  Immortal (Chrono Boost)  
  59  9:08  Protoss Shields Level 1  
  61  9:22  High Templar  
  61  9:23  Zealot  
  63  9:24  Archon  
  65  9:33  Archon  
  65  9:40  Immortal  
  69  9:46  Probe x2  
  69  9:49  Assimilator  
  69  9:50  Zealot  
  69  9:51  Assimilator  
  73  10:01  Zealot  
  53  10:31  Zealot x2  
  53  10:32  Immortal  
  49  10:58  Zealot x2  
  47  11:12  Immortal  
  47  11:14  Pylon  
  47  11:16  Pylon  
  47  11:25  Zealot x2  
  51  11:34  Gateway  
  51  11:36  Robotics Facility  
  51  11:47  Probe x2  
  51  11:51  Immortal  
  51  11:52  High Templar  
  51  11:53  High Templar  
  61  11:54  Pylon  
  61  11:59  Probe  
  62  12:13  Probe  
  62  12:14  Probe  
  64  12:18  Photon Cannon  
  64  12:20  Shield Battery  
  66  12:30  Immortal  
  66  12:32  High Templar  
  66  12:36  High Templar  
  72  12:38  High Templar  
  72  12:39  Immortal  
  62  13:00  Archon  
  62  13:09  Immortal  
  62  13:11  High Templar  
  68  13:13  Probe (Chrono Boost)  
  68  13:14  Probe (Chrono Boost)  
  68  13:16  High Templar  
  72  13:22  Immortal  
  72  13:25  Probe x2 (Chrono Boost)  
  78  13:27  Archon  
  78  13:30  High Templar  
  78  13:32  Warp Gate  
  80  13:44  Probe x2  
  80  13:48  Pylon  
  82  13:50  High Templar  
  82  13:55  Zealot  
  86  13:59  Archon  
  86  14:02  Protoss Shields Level 2  
  86  14:07  Probe x2  
  88  14:11  High Templar  
  88  14:14  Archon  
  90  14:19  Probe  
  91  14:27  Nexus  
  91  14:33  Pylon  
  91  14:39  High Templar x2  
  95  15:00  Immortal  
  99  15:07  Assimilator  
  99  15:12  Assimilator  
  99  15:14  Immortal  
  101  15:36  Nexus  
  101  15:44  High Templar  
  101  15:49  Immortal  
  107  15:56  Probe x2  
  109  16:08  Probe  
  102  16:12  Archon x2  
  86  16:22  Zealot x3  
  80  16:26  Immortal  
  64  16:46  Immortal  
  68  17:00  Zealot x3  
Show
View Real Time Build Order
Export as new Build Order

urumikanzaki Zerg - Winner!

Build Orders: Hatch First 

Get SALT Encoding   

  12  0:01  Drone  
  13  0:13  Overlord  
  13  0:16  Drone  
  14  0:32  Drone  
  14  0:33  Drone  
  16  0:51  Hatchery  
  15  1:05  Drone x3  
  18  1:19  Extractor  
  18  1:22  Spawning Pool  
  18  1:24  Drone  
  17  1:38  Drone  
  17  1:39  Drone  
  19  1:49  Overlord  
  19  2:09  Queen  
  19  2:10  Queen  
  19  2:12  Zergling x4  
  19  2:14  Drone  
  26  2:34  Metabolic Boost  
  26  2:38  Drone x5  
  30  2:49  Zergling x4  
  32  2:58  Spine Crawler  
  31  3:03  Spine Crawler  
  30  3:13  Queen  
  32  3:36  Hatchery  
  31  3:53  Queen  
  33  4:06  Evolution Chamber  
  32  4:12  Evolution Chamber  
  32  4:17  Roach Warren  
  30  4:24  Drone x6  
  31  4:25  Overlord x3  
  31  4:26  Overlord  
  32  5:20  Zergling x2  
  32  5:21  Zergling x38  
  43  5:35  Roach  
  43  5:36  Roach  
  41  6:10  Drone x4  
  41  6:11  Drone x2  
  40  6:41  Roach Warren  
  37  7:02  Hatchery  
  37  7:06  Zergling x22  
  42  7:15  Hatchery  
  42  7:21  Drone  
  40  7:30  Roach x3  
  40  7:36  Zerg Missile Weapons Level 1  
  46  7:37  Zerg Ground Armor Level 1  
  46  7:46  Roach x4  
  54  7:55  Extractor  
  54  7:56  Drone x2  
  55  8:00  Queen  
  57  8:20  Lair  
  57  8:30  Roach x4  
  57  8:31  Roach  
  68  8:34  Drone x2  
  69  8:47  Drone x4  
  73  9:05  Hatchery  
  72  9:31  Roach  
  72  9:32  Roach x6  
  86  9:43  Overlord x3  
  86  9:47  Overlord  
  60  10:15  Roach x3  
  60  10:16  Roach x6  
  62  10:29  Roach x4  
  62  10:46  Roach x5  
  59  11:01  Roach x5  
  59  11:03  Drone  
  65  11:19  Glial Reconstitution  
  65  11:21  Zerg Ground Armor Level 2  
  65  11:37  Extractor  
  65  11:38  Drone x3  
  65  11:39  Drone, Extractor  
  68  11:40  Drone x2  
  68  11:43  Drone x2  
  68  11:44  Drone  
  72  11:48  Drone x3  
  72  11:49  Drone x2  
  77  11:58  Roach  
  77  11:59  Roach x2  
  83  12:10  Drone x6  
  89  12:30  Zerg Missile Weapons Level 2  
  89  12:33  Roach x6  
  98  13:00  Roach x4  
  98  13:01  Roach x8  
  122  13:13  Drone  
  122  13:19  Overlord x3  
  123  13:20  Overlord x2  
  123  13:21  Overlord  
  123  13:37  Queen  
  123  13:40  Infestation Pit  
  124  13:47  Drone x7  
  124  13:48  Drone x6  
  137  13:57  Extractor x2  
  137  14:00  Overseer  
  137  14:01  Overseer  
  135  14:12  Drone  
  135  14:13  Drone x2  
  138  14:19  Drone x14  
  138  14:20  Drone x2  
  138  14:22  Overlord x2  
  138  14:23  Overlord  
  154  14:33  Queen  
  156  14:44  Spire  
  131  15:45  Extractor  
  131  15:48  Extractor  
  131  15:49  Roach  
  145  15:50  Roach x16  
  145  15:52  Overlord x3  
  145  15:53  Overlord x3  
  151  16:13  Roach  
  151  16:14  Roach x16  
  149  16:26  Roach  
  149  16:27  Roach x5  
  147  16:47  Drone x2  
  149  16:51  Roach x11  
  171  17:05  Hatchery  
  168  17:13  Hatchery  
Tags
 
Composition
Archon Immortal
Matchup
PvZ
Spawn Locations
Cross Positions
Add a new tag
Caveats
  • Supply blocks, unpowered buildings, or Contaminate may cause inaccurate times.
  • Supply counts are checked every 10 seconds.